 Dungeon Crawl Stone Soup version 0.28-a0-1147-gc7b72d3202 (webtiles) character file.

Game seed: 12483727326104611250

2679 Essalna the Firebug (level 9, -6/63 HPs)
             Began as a Demonspawn Fire Elementalist on Dec 14, 2021.
             Was a Follower of Vehumet.
             Mangled by a fire elemental (8 damage)
             ... summoned by a deep elf pyromancer
             ... on level 7 of the Dungeon.
             The game lasted 00:16:13 (7569 turns).

Essalna the Firebug (Demonspawn Fire Elementalist)  Turns: 7569, Time: 00:16:13

Health: -6/63      AC:  8    Str:  9    XL:     9   Next: 37%
Magic:  18/18      EV: 14    Int: 20    God:    Vehumet [*.....]
Gold:   409        SH:  0    Dex: 20    Spells: 13/20 levels left

rFire   . . .      SeeInvis .   q - +1 dagger (elec)
rCold   . . .      Faith    .   (no shield)
rNeg    . . .      Spirit   .   w - +0 robe {Archmagi}
rPois   .          Reflect  .   (helmet restricted)
rElec   .          Harm     .   k - +2 cloak
rCorr   .          Rampage  .   (no gloves)
Will    .....      Archmagi +   o - +0 pair of boots
Stlth   ++........              d - amulet of magic regeneration
HPRegen 0.20/turn               x - +6 ring of dexterity
MPRegen 0.56/turn               (no ring)

@: brilliant
A: horns 2, slimy green scales 1, powered by death 1
a: Renounce Religion


You were on level 7 of the Dungeon.
You worshipped Vehumet.
Vehumet was aware of your devotion.
You visited 1 branch of the dungeon, and saw 7 of its levels.

You collected 409 gold pieces.

Inventory:

Hand Weapons
 b - a +0 dagger
 q - a +1 dagger of electrocution (weapon)
 t - a +1 whip of electrocution
Armour
 a - a +0 robe
 k - a +2 cloak (worn)
 o - a +0 pair of boots (worn)
 w - a +0 robe of the Archmagi (worn)
Magical Staves
 y - a staff of death
Jewellery
 d - an amulet of magic regeneration (around neck)
 e - an amulet of faith
 l - a ring of flight
 x - a +6 ring of dexterity (left hand)
Wands
 p - a wand of flame (16)
 A - a wand of polymorph (9)
 B - a wand of iceblast (7)
Scrolls
 c - 2 scrolls of identify
 r - a scroll of amnesia
 s - a scroll of vulnerability {unknown}
 u - a scroll of brand weapon {unknown}
 C - a scroll of blinking {unknown}
 D - a scroll of summoning {unknown}
Potions
 f - 2 potions of brilliance
 g - a potion of attraction
 h - 2 potions of mutation {unknown}
 i - 3 potions of flight {unknown}
 j - a potion of cancellation {unknown}
 v - a potion of curing {unknown}
 z - a potion of magic {unknown}


   Skills:
 + Level 3.0 Fighting
 + Level 2.8 Armour
 + Level 3.4 Dodging
 - Level 1.7 Stealth
 + Level 6.3 Spellcasting
 + Level 6.6 Conjurations
 + Level 6.6 Fire Magic


You had 13 spell levels left.
You knew the following spells:

 Your Spells              Type           Power      Damage    Failure   Level
a - Foxfire               Conj/Fire      100%       2x1d9     1%          1
b - Scorch                Fire           100%       2d10      1%          2
c - Flame Wave            Conj/Fire      65%        2d10      7%          4

Your spell library contained the following spells:

 Spells                   Type           Power      Damage    Failure   Level
 Magic Dart               Conj           100%       1d8       1%          1
 Conjure Flame            Conj/Fire      65%        6-21      1%          3
 Inner Flame              Hex/Fire       44%        N/A       8%          3
 Animate Skeleton         Necr           28%        N/A       11%         1
 Apportation              Tloc           28%        N/A       11%         1
 Slow                     Hex            56%        N/A       11%         1
 Sting                    Tmut/Pois      56%        1d5       11%         1
 Summon Small Mammal      Summ           56%        N/A       11%         1
 Poisonous Vapours        Pois/Air       28%        N/A       16%         2
 Fulminant Prism          Conj/Hex       22%        3d13      26%         4
 Iskenderun's Mystic Bla  Conj/Tloc      44%        2d10      26%         4
 Confusing Touch          Hex            14%        N/A       30%         3
 Gell's Gravitas          Tloc           14%        N/A       30%         3
 Lesser Beckoning         Tloc           14%        N/A       30%         3
 Ozocubu's Armour         Ice            14%        N/A       30%         3
 Teleport Other           Tloc           14%        N/A       30%         3
 Vampiric Draining        Necr           14%        2d7       30%         3
 Olgreb's Toxic Radiance  Pois           14%        N/A       71%         4
 Alistair's Intoxication  Tmut/Pois      9%         N/A       96%         5
 Lee's Rapid Deconstruct  Erth           7%         3d7*      96%         5
 Metabolic Englaciation   Hex/Ice        7%         N/A       96%         5
 Simulacrum               Ice/Necr       7%         N/A       100%        6


Dungeon Overview and Level Annotations

Branches:
Dungeon (7/15)             Temple (0/1) D:7

Altars:
Dithmenos
Fedhas
Hepliaklqana
Nemelex Xobeh
Okawaru
Uskayaw
Vehumet
Xom
Yredelemnul
The Shining One


Innate Abilities, Weirdness & Mutations

You have a pair of horns on your head.
You are partially covered in slimy green scales. (AC +2)
You regenerate a little health from kills.


Message History

Your foxfire dissipates!
Things that are here:
a +0 dagger; an orc corpse Key pressed, stopping explore.
Found 17 sling bullets.
Found a buckler.
You see here a +0 flail.
You see here 17 sling bullets.
Key pressed, stopping explore.
A deep elf pyromancer comes into view. It is wielding a +0 long sword.
The deep elf pyromancer gestures wildly while chanting.
You hit the fire elemental. You headbutt the fire elemental!
The fire elemental is moderately damaged.
The fire elemental misses you.
The deep elf pyromancer points at you and mumbles some strange words.
The bolt of fire hits the fire elemental.
The fire elemental completely resists.
The bolt of fire hits you!!
Ouch! That really hurt!
You hear a bellow!
As you read the scroll labelled YNY WEAWIAN, it crumbles to dust.
You assume a fearsome visage.
The deep elf pyromancer looks frightened!
The fire elemental is unaffected.
It was a scroll of fear.
You hear an angry hiss.
The fire elemental hits you. The fire elemental burns you!
The deep elf pyromancer casts a spell.
The deep elf pyromancer blinks!
Okay, then.
As you read the scroll labelled UCHOASECEN, it crumbles to dust.
The scroll dissolves into smoke.
It was a scroll of fog.
The fire elemental hits you.
* * * LOW HITPOINT WARNING * * *
The fire elemental burns you!
* * * LOW HITPOINT WARNING * * *
It was a potion of brilliance.
You feel clever all of a sudden. The fire elemental hits you.
The fire elemental burns you!
* * * LOW HITPOINT WARNING * * *
The fire elemental hits you. The fire elemental burns you!
You die...

#......####)............
.....................
..[..................
.....................
.#######(............
#...............
#.############.. #####§#
#....... #§§@§§#
#....... ##E####
#....... #§ #....... e#
#....... ## #.......
#....### #....# #
#....### #.......


You could see a fire elemental (summoned).

Vanquished Creatures
  Prince Ribbit (D:6)
  Menkaure (D:5)
  Edmund (D:4)
  A water moccasin (D:7)
  An orc warrior (D:7)
  2 ice beasts
  4 phantoms
  Blork the orc (D:4)
  4 scorpions
  A wyvern skeleton (D:6)
  2 water moccasin skeletons
  5 killer bees (D:7)
  3 wights (D:7)
  2 centaur zombies
  6 hounds
  4 orc priests
  3 orc wizards
  An iguana (D:5)
  A hound skeleton (D:5)
  5 gnolls (D:5)
  2 howler monkey skeletons
  4 adders
  2 white imps (D:6)
  An adder zombie (D:5)
  2 dart slugs
  14 orcs
  7 endoplasms
  3 giant cockroaches
  40 goblins
  30 hobgoblins
  5 jackals
  5 quokkas
  9 ball pythons
  5 bats
  7 frilled lizards
  10 kobolds
  3 rats
198 creatures vanquished.

Vanquished Creatures (others)
  758 foxfires
758 creatures vanquished.

Grand Total: 956 creatures vanquished

Notes
Turn   | Place    | Note
-------+----------+-------------------------------------------
     0 | D:1      | Essalna the Demonspawn Fire Elementalist began the quest
                  | for the Orb.
     0 | D:1      | Reached XP level 1. HP: 13/13 MP: 3/3
   389 | D:1      | Gained mutation: You regenerate a little health from kills.
                  | [demonic ancestry]
   389 | D:1      | Reached XP level 2. HP: 11/19 MP: 1/5
  1670 | D:1      | Gained mutation: You are partially covered in slimy green
                  | scales. (AC +2) [demonic ancestry]
  1670 | D:1      | Reached XP level 3. HP: 20/24 MP: 3/6
  1875 | D:1      | Learned a level 2 spell: Scorch
  1934 | D:2      | You fall into a shaft and drop 1 floor!
  2089 | D:3      | Found a sparkling altar of Nemelex Xobeh.
  2586 | D:2      | Reached XP level 4. HP: 30/30 MP: 3/8
  3635 | D:4      | Noticed Edmund
  3659 | D:4      | Identified a scroll of acquirement
  3659 | D:4      | Acquired an amulet of magic regeneration
  3714 | D:4      | Noticed a scorpion
  3720 | D:4      | Killed a scorpion
  3721 | D:4      | Gained mutation: You have a pair of small horns on your
                  | head. [demonic ancestry]
  3721 | D:4      | Reached XP level 5. HP: 35/35 MP: 3/9
  3726 | D:4      | Learned a level 4 spell: Flame Wave
  4228 | D:4      | Killed Edmund
  4229 | D:4      | Gained mutation: You have a pair of horns on your head.
                  | [demonic ancestry]
  4229 | D:4      | Reached XP level 6. HP: 38/41 MP: 3/11
  4432 | D:4      | Noticed Blork the orc
  4496 | D:4      | Killed Blork the orc
  5086 | D:5      | Entered Level 5 of the Dungeon
  5133 | D:5      | Reached XP level 7. HP: 46/46 MP: 10/13
  5217 | D:5      | Reached skill level 5 in Fire Magic
  5582 | D:5      | Reached skill level 5 in Conjurations
  5645 | D:5      | Reached skill level 5 in Spellcasting
  5771 | D:5      | Reached XP level 8. HP: 52/52 MP: 11/15
  5819 | D:5      | Noticed Menkaure
  5824 | D:5      | Killed Menkaure
  5924 | D:5      | Found a radiant altar of Vehumet.
  5924 | D:5      | Found a hide-covered altar of Uskayaw.
  5924 | D:5      | Found a blossoming altar of Fedhas.
  5926 | D:5      | Found a hazy altar of Hepliaklqana.
  5926 | D:5      | Found a shadowy altar of Dithmenos.
  5926 | D:5      | Found a basalt altar of Yredelemnul.
  5928 | D:5      | Found a shimmering altar of Xom.
  5928 | D:5      | Found an iron altar of Okawaru.
  5934 | D:5      | Became a worshipper of Vehumet
  6348 | D:6      | Reached skill level 1 in Fighting
  6348 | D:6      | Reached skill level 1 in Armour
  6538 | D:6      | Noticed Prince Ribbit
  6544 | D:6      | Killed Prince Ribbit
  6570 | D:6      | Reached XP level 9. HP: 61/61 MP: 13/18
  7010 | D:7      | Reached * piety under Vehumet
  7010 | D:7      | Offered knowledge of Magic Dart by Vehumet.
  7380 | D:7      | Found a staircase to the Ecumenical Temple.
  7565 | D:7      | Noticed a deep elf pyromancer
  7569 | D:7      | HP: 2/63 [fire elemental[a deep elf pyromancer] (6)]
  7569 | D:7      | Mangled by a fire elemental

Illustrated notes

Levels and vault maps discovered:
D:1:      dpeg_arrival_boxes_within_box, layout_basic
D:2:      layout_basic, minmay_misc_feat_rows, serial_park_tiny_pond
D:3:      layout_loops_ring, lemuel_crystal_altar
D:4:      kennysheep_the_goblin_king, layout_loops_cross, item_on_display_a,
          uniq_edmund, uniq_blork_the_orc
D:5:      minmay_goblin_kobold_castle, layout_loops_cross,
          nicolae_overflows_in_rows, skrybe_limestone_x, due_unseen_surprise,
          uniq_menkaure
D:6:      layout_cave_pools, uniq_prince_ribbit1
D:7:      minmay_cornered_nines, layout_basic, minmay_temple_entry_tees

Skill      XL: |  1  2  3  4  5  6  7  8  9 |
---------------+----------------------------+-----
Fire Magic     | 3 4 5 6 |  6.6
Conjurations   | 2 3 4 5 6 |  6.6
Spellcasting   | 3 4 5 6 |  6.3
Dodging        | 2 3 |  3.4
Fighting       | 2 3 |  3.0
Armour         | 2 |  2.8
Stealth        | |  1.7

Action                   |  1- 3 |  4- 6 |  7- 9 || total
-------------------------+-------+-------+-------++-------
Melee: Dagger            |    45 |    41 |    14 ||   100
       Headbutt          |       |     3 |     2 ||     5
 Cast: Foxfire           |    97 |   109 |   250 ||   456
       Scorch            |       |    28 |    37 ||    65
  Use: Scroll            |       |     5 |     2 ||     7
       Potion            |       |       |     1 ||     1
 Stab: Sleeping          |     2 |     1 |       ||     3
Armor: Robe              |    13 |    12 |    31 ||    56
Dodge: Dodged            |    41 |    21 |    72 ||   134

Table legend: (Time is in decaauts)
 A = Elapsed time spent in this place.
 B = Non-inter-level travel time spent in this place.
 C = Inter-level travel time spent in this place.
 D = Time resting spent in this place.
 E = Time spent auto-exploring this place.
 F = Levels seen in this place.
 G = Mean time per level.
                   A        B        C        D        E       F      G
               +--------+--------+--------+--------+--------+-----+--------+
         Total |   7577 |   7234 |    343 |      0 |   6033 |   7 | 1082.4 |
       Dungeon |   7577 |   7234 |    343 |      0 |   6033 |   7 | 1082.4 |
               +--------+--------+--------+--------+--------+-----+--------+

Top non-repeatable levels by time:
     D:1: 1875 daAuts
     D:5: 1244 daAuts
     D:4: 1113 daAuts
     D:3: 1078 daAuts
     D:2: 1018 daAuts
     D:7: 695 daAuts
     D:6: 551 daAuts
